 Dungeon Crawl Stone Soup version 0.26-a0-708-g17f3b190f9 (webtiles) character file.

Game seed: 942340438361753823

59 snetch the Magician (level 4, -6/34 HPs)
             Began as a Gnoll Wanderer on Oct 27, 2020.
             Killed by divine providence
             ... invoked by an orc priest
              (14 damage)
             ... on level 3 of the Dungeon.
             The game lasted 00:08:47 (2286 turns).

snetch the Magician (Gnoll Wanderer)                Turns: 2286, Time: 00:08:52

Health: -6/34      AC:  4    Str: 13    XL:     4   Next: 3%
Magic:  9/11       EV: 13    Int: 14    God:
Gold:   190        SH:  0    Dex: 17    Spells: 8/13 levels left

rFire    . . .     SeeInvis .   a - +0 spear
rCold    . . .     Faith    .   (no shield)
rNeg     . . .     Spirit   .   o - +0 leather armour
rPois    .         Reflect  .   (no helmet)
rElec    .         Harm     .   k - +0 cloak
rCorr    +         Rampage  .   (no gloves)
MR       .....                  (no boots)
Stlth    +++.......             (no amulet)
HPRegen  0.11/turn              b - ring of resist corrosion (curse)
MPRegen  0.12/turn              (no ring)

@: no status effects
A: distributed training, fangs 1, strong nose
a: no special abilities


You were on level 3 of the Dungeon.
You visited 1 branch of the dungeon, and saw 3 of its levels.

You collected 190 gold pieces.

Inventory:

Hand Weapons
 a - a +0 spear (weapon)
 e - a +0 dagger
Missiles
 g - 35 stones
 m - 21 poisoned darts (quivered)
 s - 73 arrows
 t - 38 sling bullets
 u - 5 boomerangs of dispersal
Armour
 k - a +0 cloak (worn)
 n - a +0 ring mail
 o - a +0 leather armour (worn)
 p - a scarf of shadows
Jewellery
 b - a cursed ring of resist corrosion (left hand)
Wands
 d - a wand of acid (7)
Scrolls
 h - a scroll of remove curse {unknown}
 i - 5 scrolls of teleportation {unknown}
 j - a scroll of noise {unknown}
 l - a scroll of blinking {unknown}
 q - a scroll of enchant weapon {unknown}
 r - 4 scrolls of identify {unknown}
 x - a scroll of enchant armour {unknown}
Potions
 c - a potion of lignification
 f - 2 potions of flight {unknown}
 v - a potion of berserk rage {unknown}
 w - a potion of brilliance {unknown}
 z - 2 potions of curing {unknown}


   Skills:
 + Level 2.7 Fighting
 + Level 1.0 Short Blades
 + Level 1.0 Long Blades
 + Level 1.0 Axes
 + Level 1.0 Maces & Flails
 + Level 4.6 Polearms
 + Level 1.0 Staves
 + Level 1.0 Slings
 + Level 1.0 Bows
 + Level 1.0 Crossbows
 + Level 1.0 Throwing
 + Level 1.0 Armour
 + Level 2.7 Dodging
 + Level 4.2 Stealth
 + Level 1.0 Shields
 + Level 1.0 Unarmed Combat
 + Level 5.0 Spellcasting
 + Level 0.7 Conjurations
 + Level 0.7 Hexes
 + Level 0.7 Summonings
 + Level 2.2 Necromancy
 + Level 0.7 Translocations
 + Level 0.7 Transmutations
 + Level 0.7 Fire Magic
 + Level 0.7 Ice Magic
 + Level 0.7 Air Magic
 + Level 0.7 Earth Magic
 + Level 0.7 Poison Magic
 + Level 1.1 Invocations
 + Level 2.7 Evocations


You had 8 spell levels left.
You knew the following spells:

 Your Spells              Type           Power        Failure   Level
a - Magic Dart            Conj           #...         16%         1
b - Blink                 Tloc           N/A          24%         2
c - Call Imp              Summ           #.......     24%         2

Your spell library contained the following spells:

 Spells                   Type           Power        Failure   Level
 Slow                     Hex            #.......     24%         2
 Conjure Flame            Conj/Fire      #.......     43%         3
 Mephitic Cloud           Conj/Pois/Air  #.......     43%         3


Dungeon Overview and Level Annotations

Branches:
Dungeon (3/15)

Altars:


Innate Abilities, Weirdness & Mutations

Your experience applies equally to all skills.
You have very sharp teeth.
Your uncanny sense of smell can sniff out nearby items.


Message History

The orc priest invokes the aid of Beogh against you.
Beogh smites you!
* * * LOW HITPOINT WARNING * * *
You swap places.
The worker ant bites your crimson imp.
The worker ant barely misses your crimson imp.
Your crimson imp barely misses the worker ant.
Attack whom?
Press: ? - help, Dir - move target cursor, f - worker ant
Aim: a worker ant (moderately wounded)
You reach to attack!
You closely miss the worker ant.
The worker ant is moderately wounded.
An orc priest comes into view.
The worker ant closely misses your crimson imp.
Attack whom?
Press: ? - help, Dir - move target cursor, f/p - worker ant
Aim: a worker ant (moderately wounded)
You could not reach far enough!
Your crimson imp hits the worker ant.
The orc priest calls down the wrath of Beogh upon you.
Beogh smites you!
You die...

######## #.......
###########)#####.
#...........#.....
#.###########.###.
#.# #. #@# #. #5#
#. #B# #. #o# #.
#o# #. #.# ## #.#
#o# #.#


You could see a worker ant, 2 orc priests, an orc and a friendly crimson imp
(summoned).

Vanquished Creatures
  An adder (D:2)
  A worm (D:2)
  A dart slug (D:2)
  A leopard gecko (D:1)
  An orc (D:3)
  10 bats
  5 goblins
  4 hobgoblins
  4 jackals
  3 frilled lizards
  6 kobolds
  7 rats
44 creatures vanquished.

Notes
Turn   | Place    | Note
-------+----------+-------------------------------------------
     0 | D:1      | snetch the Gnoll Wanderer began the quest for the Orb.
     0 | D:1      | snetch set off with the following items: a +0 spear, a
                  | potion of lignification, a +0 robe, a +0 dagger; and the
                  | following spell memorised: Magic Dart; and the following
                  | spells available to memorise: Blink, Call Imp, Slow,
                  | Conjure Flame, Mephitic Cloud
     0 | D:1      | Reached XP level 1. HP: 17/17 MP: 6/6
     0 | D:1      | Noticed a formicid
     4 | D:1      | Noticed an octopode
     8 | D:1      | Noticed a minotaur
     9 | D:1      | Noticed an elf
    11 | D:1      | Noticed a merfolk zombie
    13 | D:1      | Noticed a minotaur
    15 | D:1      | Noticed a ghoul
    17 | D:1      | Noticed a troll
    21 | D:1      | Noticed an ogre
    70 | D:2      | Reached XP level 2. HP: 22/23 MP: 1/7
   953 | D:1      | Reached XP level 3. HP: 20/28 MP: 9/9
  1046 | D:1      | Reached skill level 5 in Spellcasting
  1377 | D:2      | Reached skill level 1 in Invocations
  1751 | D:2      | Reached skill level 1 in Short Blades
  1751 | D:2      | Reached skill level 1 in Long Blades
  1751 | D:2      | Reached skill level 1 in Axes
  1751 | D:2      | Reached skill level 1 in Maces & Flails
  1751 | D:2      | Reached skill level 1 in Staves
  1751 | D:2      | Reached skill level 1 in Slings
  1751 | D:2      | Reached skill level 1 in Bows
  1751 | D:2      | Reached skill level 1 in Crossbows
  1751 | D:2      | Reached skill level 1 in Throwing
  1751 | D:2      | Reached skill level 1 in Armour
  1751 | D:2      | Reached skill level 1 in Shields
  1751 | D:2      | Reached skill level 1 in Unarmed Combat
  2182 | D:3      | Learned a level 2 spell: Blink
  2185 | D:3      | Learned a level 2 spell: Call Imp
  2258 | D:3      | Reached XP level 4. HP: 34/34 MP: 11/11
  2286 | D:3      | Killed from afar by an orc priest

Illustrated notes

Levels and vault maps discovered:
D:1:      shiori_arrival_whats_in_store_for_you, layout_basic,
          minmay_misc_feat_hallway
D:2:      layout_rooms
D:3:      layout_loops_ring, lightli_corner_chamber

Skill      XL: |  1  2  3 |
---------------+----------+-----
Necromancy     | 2 |  2.2
Spellcasting   | 5 |  5.0
Invocations    | 1 |  1.1
Short Blades   | 1 |  1.0
Long Blades    | 1 |  1.0
Axes           | 1 |  1.0
Maces & Flails | 1 |  1.0
Staves         | 1 |  1.0
Slings         | 1 |  1.0
Bows           | 1 |  1.0
Crossbows      | 1 |  1.0
Throwing       | 1 |  1.0
Armour         | 1 |  1.0
Shields        | 1 |  1.0
Unarmed Combat | 1 |  1.0
Fighting       | |  2.7
Polearms       | |  4.6
Dodging        | |  2.7
Stealth        | |  4.2
Conjurations   | |  0.7
Hexes          | |  0.7
Summonings     | |  0.7
Translocations | |  0.7
Transmutations | |  0.7
Fire Magic     | |  0.7
Ice Magic      | |  0.7
Air Magic      | |  0.7
Earth Magic    | |  0.7
Poison Magic   | |  0.7
Evocations     | |  2.7

Action                   |  1- 3 |  4- 6 || total
-------------------------+-------+-------++-------
Melee: Spear             |   145 |     8 ||   153
       Bite              |     7 |     1 ||     8
 Cast: Magic Dart        |    25 |       ||    25
       Call Imp          |       |     1 ||     1
 Stab: Sleeping          |    11 |     1 ||    12
Armor: Robe              |     8 |       ||     8
       Leather armour    |    26 |     4 ||    30
Dodge: Dodged            |    89 |     1 ||    90

Table legend: (Time is in decaauts)
 A = Elapsed time spent in this place.
 B = Non-inter-level travel time spent in this place.
 C = Inter-level travel time spent in this place.
 D = Time resting spent in this place.
 E = Time spent auto-exploring this place.
 F = Levels seen in this place.
 G = Mean time per level.
                   A        B        C        D        E       F      G
               +--------+--------+--------+--------+--------+-----+--------+
         Total |   2273 |   2224 |     49 |    635 |    961 |   3 |  757.7 |
       Dungeon |   2273 |   2224 |     49 |    635 |    961 |   3 |  757.7 |
               +--------+--------+--------+--------+--------+-----+--------+

Top non-repeatable levels by time:
     D:2: 1140 daAuts
     D:1: 852 daAuts
     D:3: 281 daAuts
